 Dungeon Crawl Stone Soup version 0.21.1-1-g345015f (webtiles) character file.

147 TinyReaver the Ruffian (level 5, 0/50 HPs)
             Began as a Troll Fighter on Apr 24, 2018.
             Succumbed to a worker ant's poison
             ... on level 4 of the Dungeon.
             The game lasted 00:22:07 (1572 turns).

TinyReaver the Ruffian (Troll Fighter)              Turns: 1572, Time: 00:22:08

Health: 0/50       AC:  5    Str: 25    XL:     5   Next: 7%
Magic:  4/4        EV:  8    Int:  4    God:
Gold:   38         SH: 10    Dex:  9    Spells: 4/4 levels left

rFire    . . .     SeeInvis .     - Unarmed
rCold    . . .     Gourm    +   b - +1 shield
rNeg     . . .     Faith    .   a - +0 robe
rPois    .         Spirit   .   (helmet restricted)
rElec    .         Reflect  .   (no cloak)
rCorr    .         Harm     .   (gloves unavailable)
MR       .....                  (boots unavailable)
Stlth    +.........             (no amulet)
HPRegen  0.56/turn              (no ring)
MPRegen  0.09/turn              (no ring)

@: lethally poisoned (0 -> -6)
A: large, unfitting armour, claws 3, fast metabolism 3, gourmand, regeneration
1, shaggy fur 1, tough skin 2
a: no special abilities


You were on level 4 of the Dungeon.
You were very full.

You visited 1 branch of the dungeon, and saw 4 of its levels.

You collected 38 gold pieces.

Inventory:

Hand Weapons
 k - a cursed -3 short sword
Missiles
 j - 94 stones (quivered)
Armour
 a - a +0 robe (worn)
 b - a +1 shield (worn)
 q - a +0 robe
Scrolls
 m - 2 scrolls of enchant armour
 o - a scroll of remove curse
 p - a scroll of immolation
Potions
 c - 3 potions of might
 n - 4 potions of flight
Comestibles
 d - 4 rations
 h - 5 chunks of flesh


   Skills:
 + Level 2.7 Fighting
 + Level 0.2 Throwing
 + Level 3.1 Dodging
 + Level 0.1 Stealth
 + Level 3.2 Shields
 + Level 3.5 Unarmed Combat


You had 4 spell levels left.
You didn't know any spells.

Dungeon Overview and Level Annotations

Branches:
Dungeon (4/15)
 Temple: D:4-7

Altars:
Nemelex Xobeh


Innate Abilities, Weirdness & Mutations

You are too large for most types of armour.
You have claws for hands.
Your metabolism is lightning-fast.
You like to eat raw meat.
Your natural rate of healing is unusually fast.
You are covered in fur. (AC +1)
You have very tough skin. (AC +2)


Message History

The worker ant is almost dead.
* * * LOW HITPOINT WARNING * * *
You feel sick. The worker ant bites you.
* * * LOW HITPOINT WARNING * * *
The worker ant bites you.
* * * LOW HITPOINT WARNING * * *
As you read the scroll labeled OCLA EFYNGA, it crumbles to dust.
It is a scroll of enchant armour.
Your +0 shield glows green for a moment.
* * * LOW HITPOINT WARNING * * *
You feel sick. The worker ant bites you.
* * * LOW HITPOINT WARNING * * *
As you read the scroll labeled ERPHUG VIADUVON, it crumbles to dust.
You feel blessed for a moment.
It was a scroll of remove curse.
* * * LOW HITPOINT WARNING * * *
You feel sick. You block the worker ant's attack.
As you read the scroll labeled ESIYSOITADD, it crumbles to dust.
The creatures around you are filled with an inner flame!
It was a scroll of immolation.
You die...

,,,,,,** #..#)..# **,,,,,**
*,,,,,,** ####...# *,,,,,**
*,,,,,,,** #...#**..,,**
,,,,,,,,,##*** #...#....,**
,,,,,,,,,....####........,**
**,,,,,,***#......######.,,**
***,,,****#####.## **,,,*
**,,,,*,,,,,**#..# **,,**
**,,,,,,,,,,,,,#@.# *,,,**
,,,,,,,,,.......a.# **,,,*
,,,,,,,,,.........# **,,*
,,,,,,,,,.........# **,**
,,,,,,,,,.........#* *,,*
,,,,,,,,,.>........* ****
,,,,,,,,,..........*
,,,<,,,,,.......##[#
,,,,,,,,,,,,,,,,**,*


You could see a worker ant (inner flame).

Vanquished Creatures
  An ogre (D:4)
  An adder (D:3)
  2 oozes (D:1)
  3 worms
  A dart slug (D:2)
  A giant cockroach (D:3)
  4 goblins
  5 hobgoblins (D:1)
  4 jackals
  A bat (D:2)
  5 frilled lizards
  7 kobolds
  5 rats
40 creatures vanquished.

Notes
Turn   | Place    | Note
-------+----------+-------------------------------------------
     0 | D:1      | TinyReaver the Troll Fighter began the quest for the Orb.
     0 | D:1      | Reached XP level 1. HP: 22/22 MP: 0/0
   493 | D:1      | Reached XP level 2. HP: 29/29 MP: 1/1
   774 | D:1      | Reached XP level 3. HP: 36/36 MP: 2/2
   848 | D:2      | Found a sparkling altar of Nemelex Xobeh.
  1533 | D:4      | Reached XP level 4. HP: 44/44 MP: 3/3
  1536 | D:4      | Noticed an ogre
  1544 | D:4      | Killed an ogre
  1544 | D:4      | Reached XP level 5. HP: 50/50 MP: 4/4
  1570 | D:4      | HP: 2/50 [worker ant (1)]
  1572 | D:4      | Succumbed to a worker ant's poison

Skill      XL: |  1  2  3  4 |
---------------+-------------+-----
Shields        | 3 |  3.2
Dodging        | 3 |  3.1
Unarmed Combat | 3 |  3.5
Fighting       | |  2.7
Throwing       | |  0.2
Stealth        | |  0.1

Action                   |  1- 3 |  4- 6 || total
-------------------------+-------+-------++-------
Melee: Unarmed           |   115 |    19 ||   134
Throw: Stone             |     9 |       ||     9
  Use: Potion            |     2 |     1 ||     3
       Scroll            |     4 |     4 ||     8
  Eat: Chunk             |    16 |       ||    16
       Ration            |     1 |       ||     1
Armor: Robe              |    33 |     3 ||    36
Dodge: Dodged            |    48 |     4 ||    52
Block: Shield            |    37 |     7 ||    44
